 Dungeon Crawl Stone Soup version 0.31-a0-640-g39d97e502b (webtiles) character file.

Game seed: 3115393906405235265

250164 zero the Earth Mage (level 19, -14/113 HPs)
             Began as a Gargoyle Earth Elementalist on Aug 27, 2023.
             Was an Initiate of Gozag.
             Killed from afar by an ancient lich (52 damage)
             ... with a crystal spear
             ... on level 2 of the Abyss.
             The game lasted 01:41:40 (59566 turns).

zero the Earth Mage (Gargoyle Earth Elementalist)  Turns: 59566, Time: 01:41:41

Health: -14/113    AC: 26    Str: 14    XL:     19   Next: 62%
Magic:  7/35       EV: 14    Int: 30    God:    Gozag
Gold:   5704       SH:  7    Dex: 14    Spells: 10/42 levels left

rFire   + . .        a - +6 quick blade (flame)
rCold   + . .        U - +2 buckler {AC+3}
rNeg    + . .        G - +2 robe {rC+ rF+}
rPois   ∞            O - +0 hat of the Rose {Will+ Dex+4}
rElec   +            y - +1 cloak of Senizimios {Rampage Regen+}
rCorr   .            n - +2 pair of gloves
SInv    .            S - +1 pair of boots {Fly}
Will    ++...        q - amulet of magic regeneration
Stlth   +++          T - ring of wizardry
HPRegen 1.18/turn    P - ring "Heyfoemm" {Str+2 Int+6}
MPRegen 0.64/turn

%: rampage, wizardry (x1)
@: corroded, gold aura, flying
A: sickness immunity, AC +14, big wings, negative energy resistance 1,
electricity resistance, torment resistance 1, petrification resistance,
[inability to read after injury 1]
}: 2/15 runes: decaying, serpentine
a: Renounce Religion, Potion Petition, Call Merchant, Bribe Branch


You were on level 2 of the Abyss.
You worshipped Gozag.
Gozag was greatly pleased with you.
You visited 7 branches of the dungeon, and saw 32 of its levels.
You visited the Abyss 1 time.
You also visited: Bailey, Gauntlet and Volcano.

You collected 14749 gold pieces.
You spent 5789 gold pieces at shops.
You paid 3256 gold pieces to Gozag.

Inventory:

Hand Weapons
 a - a +6 quick blade of flaming (weapon)
 V - the +8 mace "Irhuicut" {flame, rN+ Dex+3}
   (You took it off an orc wizard on level 8 of the Dungeon)

   Dex+3:     It affects your dexterity (+3).
   rN+:       It protects you from negative energy.
Missiles
 k - 18 curare-tipped darts
 X - 7 throwing nets
Armour
 n - a +2 pair of gloves (worn)
 y - the +1 cloak of Senizimios (worn) {Rampage Regen+}
   (You acquired it on level 5 of the Lair of Beasts)

   Regen+:    It increases your rate of health regeneration.
   Rampage:   It bestows one free step when moving towards enemies.
 G - a +2 robe of resistance (worn)
 O - the +0 hat of the Rose (worn) {Will+ Dex+4}
   (You bought it in a shop on level 1 of the Swamp)

   Dex+4:     It affects your dexterity (+4).
   Will+:     It increases your willpower.
 S - a +1 pair of boots of flying (worn)
 U - a +2 buckler of protection (worn)
Magical Staves
 b - a staff of air
 Z - a staff of fire
Jewellery
 c - a ring of magical power
 d - a ring of resist corrosion
 q - an amulet of magic regeneration (around neck)
 K - a +6 ring of intelligence
 P - the ring "Heyfoemm" (right hand) {Str+2 Int+6}
   (You bought it in a shop on level 1 of the Swamp)

   [ring of intelligence]

   Str+2:     It affects your strength (+2).
   Int+6:     It affects your intelligence (+6).
 T - a ring of wizardry (left hand)
Wands
 e - a wand of roots (24)
 x - a wand of quicksilver (4)
 M - a wand of digging (23)
 W - a wand of polymorph (29)
 Y - a wand of paralysis (25)
Scrolls
 f - 6 scrolls of blinking
 g - 4 scrolls of revelation
 i - a scroll of silence
 m - 3 scrolls of fear
 p - 2 scrolls of poison
 t - 4 scrolls of fog
 w - 13 scrolls of teleportation
 C - a scroll of amnesia
 D - 2 scrolls of vulnerability
 F - 2 scrolls of brand weapon
 I - 5 scrolls of immolation
 Q - 3 scrolls of summoning
Potions
 h - a potion of magic
 j - 8 potions of curing
 o - 8 potions of heal wounds
 r - 10 potions of lignification
 s - 6 potions of might
 u - a potion of ambrosia
 v - 5 potions of mutation
 z - 2 potions of attraction
 E - 3 potions of invisibility
 H - 5 potions of haste
 J - 5 potions of enlightenment
 L - 5 potions of brilliance
 N - 4 potions of resistance
Miscellaneous
 A - a phantom mirror
 B - a tin of tremorstones (2/2)
 R - a phial of floods


   Skills:
 - Level 10.4 Fighting
 - Level 5.0 Short Blades
 - Level 10.1 Armour
 - Level 7.0 Dodging
 - Level 5.0 Stealth
 - Level 5.0 Shields
 - Level 12.3 Spellcasting
 - Level 14.0 Conjurations
 - Level 6.0 Summonings
 - Level 0.7 Transmutations
 + Level 15.4 Fire Magic
 - Level 8.0 Ice Magic
 - Level 8.0 Air Magic
 * Level 18.5 Earth Magic
 - Level 5.0 Evocations


You had 10 spell levels left.
You knew the following spells:

 Your Spells              Type           Power      Damage    Failure   Level
a - Sandblast             Erth           100%       2d20      0%          1
b - Stone Arrow           Conj/Erth      100%       3d13      0%          3
c - Call Imp              Summ           100%       N/A       1%          2
d - Freezing Cloud        Conj/Ice/Air   34%        6-21      1%          5
e - Arcjolt               Conj/Air       35%        1d45      1%          5
f - Ignition              Fire           42%        3d12      16%         8
g - Lehudib's Crystal Sp  Conj/Erth      43%        10d10     12%         8

Your spell library contained the following spells:

 Spells                   Type           Power      Damage    Failure   Level
 Magic Dart               Conj           100%       1d8       0%          1
 Shock                    Conj/Air       100%       1d9       1%          1
 Ensorcelled Hibernation  Hex/Ice        84%        N/A       1%          2
 Passwall                 Tmut/Erth      55%        N/A       1%          2
 Poisonous Vapours        Pois/Air       84%        N/A       1%          2
 Ignite Poison            Fire/Tmut/Pois 50%        N/A       1%          3
 Inner Flame              Hex/Fire       59%        N/A       1%          3
 Mephitic Cloud           Conj/Pois/Air  58%        N/A       1%          3
 Swiftness                Air            61%        N/A       1%          3
 Airstrike                Air            30%        2d(5-21)  1%          4
 Petrify                  Tmut/Erth      66%        N/A       1%          4
 Sticky Flame             Conj/Fire      82%        2d9       1%          4
 Summon Ice Beast         Ice/Summ       57%        N/A       1%          4
 Irradiate                Conj/Tmut      29%        3d21      1%          5
 Lesser Beckoning         Tloc           36%        N/A       2%          2
 Vhi's Electric Charge    Tloc/Air       84%        N/A       2%          4
 Gell's Gravitas          Tloc           18%        N/A       4%          3
 Teleport Other           Tloc           18%        N/A       4%          3
 Silence                  Hex/Air        21%        N/A       8%          5
 Summon Mana Viper        Hex/Summ       36%        N/A       12%         5
 Anguish                  Hex/Necr       9%         N/A       14%         4
 Passage of Golubria      Tloc           18%        N/A       14%         4
 Yara's Violent Unravell  Hex/Tmut       10%        3d6       32%         5
 Monstrous Menagerie      Summ           26%        N/A       65%         7
 Maxwell's Capacitive Co  Air            30%        ∞         96%         8
 Enfeeble                 Hex            9%         N/A       100%        7
 Sublimation of Blood     Necr           Unusable   N/A       N/A         2

Dungeon Overview and Level Annotations

Branches:
Dungeon (15/15)            Temple (1/1) D:7            Lair (5/5) D:10
  Swamp (4/4) Lair:3        Snake (4/4) Lair:3        Slime (0/5) Lair:4
    Orc (2/2) D:12            Elf (1/3) Orc:2        Vaults (0/5) D:13
 Depths (0/4) D:15         Bailey (visited)         Volcano (visited)
Gauntlet (visited)

Altars:
Ashenzari
Cheibriados
Dithmenos
Elyvilon
Fedhas
Gozag
Hepliaklqana
Kikubaaqudgha
Makhleb
Nemelex Xobeh
Okawaru
Qazlal
Ru
Sif Muna
Trog
Uskayaw
Vehumet
Wu Jian
Xom
Yredelemnul
Zin
The Shining One
Jiyva

Shops:
D:9 (   Orc:2 =*([   Swamp:1 ?:[=   Snake:1 =   Snake:2 (   Snake:3 =::=*


Innate Abilities, Weirdness & Mutations

You are immune to sickness and miasma.
Your stone body is resilient. (AC +14)
You are immune to poison.
Your large and strong wings let you fly.
You resist negative energy. (rN+)
You are resistant to electric shocks. (rElec)
You are resistant to unholy torment.
You are immune to petrification.
[You occasionally lose the ability to read scrolls when taking damage.]


Message History

Aim: a large abomination (almost destroyed, 89% to hit)
The stone arrow hits the large abomination!
You destroy the large abomination!
Something touches you!
A starcursed mass splits.
Something touches you but does no damage.
Casting: Stone Arrow (safe; 0% risk of failure)
Confirm with . or Enter, or press ? or * to list all spells.
Aiming: Stone Arrow (safe; 0% risk of failure)
Press: ? - help, Shift-Dir - straight line, f - starcursed mass
Aim: a starcursed mass (heavily damaged, 100% to hit)
The stone arrow hits the starcursed mass!
The starcursed mass is heavily damaged.
You hear some strange, mumbled words.
A bolt of acid appears from out of thin air!
The bolt of acid hits you!! The acid corrodes you!
The starcursed mass is distracted by your dazzling golden aura.
Casting: Stone Arrow (safe; 0% risk of failure)
Confirm with . or Enter, or press ? or * to list all spells.
Aiming: Stone Arrow (safe; 0% risk of failure)
Press: ? - help, Shift-Dir - straight line, f - starcursed mass
Aim: a starcursed mass (heavily damaged, 100% to hit)
The stone arrow hits the starcursed mass!!
The starcursed mass is almost destroyed.
The starcursed mass is no longer distracted by gold.
The starcursed mass shudders and is absorbed by its neighbour.
Something touches you but does no damage.
A chorus of shrieks assaults your mind.
A starcursed mass splits.
Something touches you.
Casting: Stone Arrow (safe; 0% risk of failure)
Confirm with . or Enter, or press ? or * to list all spells.
Aiming: Stone Arrow (safe; 0% risk of failure)
Press: ? - help, Shift-Dir - straight line, f - starcursed mass
Aim: a starcursed mass (severely damaged, 100% to hit)
The stone arrow hits the starcursed mass!!
You destroy the starcursed mass!
You hear some strange, mumbled words.
A crystal spear appears from out of thin air!
The crystal spear hits you!!!
You die...
Your body crumbles into a pile of gold.

. ..# ...
..##..
#.#.#.
..... #
.#.#.#
..#.#.#.
.#.#
....#...#
#..X#
.....#..
#..$.
#...# #.#
#...$#.#
# # #@#
##.#{#
.§. ..#
###.##.#
#. #. ..#
#. .. ..
#. #.


You could see a starcursed mass.

Vanquished Creatures
  Vashnia (Snake:3)
  Mlioglotl (Snake:1)
  A tentacled monstrosity (Swamp:2)
  Jorgrun (Snake:2)
  A kraken (Swamp:2)
  Kirke (D:12)
  A nagaraja (Snake:4)
  Donald (Swamp:1)
  2 fenstrider witches
  3 ghouls
  2 orc warlords
  3 eleionomae
  7 bunyips
  A minotaur (Gauntlet)
  A dire elephant (D:15)
  Josephine (Lair:3)
  4 fire dragons
  Snorg (D:11)
  Fannar (D:11)
  19 hydras
  Erolcha (Orc:1)
  4 catoblepae
  6 salamander tyrants (Snake:4)
  2 ogre magi
  16 two-headed ogres
  4 boulder beetles
  2 centaur warriors
  13 alligators
  10 anacondas
  2 dancing weapons (D:13)
  11 naga warriors
  4 tengu warriors
  Urug (Lair:1)
  3 shock serpents
  7 death yaks (Lair:5)
  An orc high priest (Orc:1)
  10 naga sharpshooters
  Nergalle (Orc:2)
  5 sun demons (Volcano)
  A deep elf knight (Orc:2)
  A wretched star (Abyss:2)
  2 fire crabs (Swamp:4)
  4 goliath frogs
  A sixfirhy (D:9)
  4 salamander mystics
  9 naga ritualists
  3 spriggan druids
  5 bog bodies
  A wizard (D:14)
  6 orc knights
  5 deep elf pyromancers
  9 swamp dragons (Swamp:4)
  2 lindwurms
  4 deep elf zephyrmancers (Elf:1)
  14 mana vipers
  2 wolf spiders
  11 ugly things
  6 orc sorcerers
  A worldbinder (Gauntlet)
  3 cyclopes
  6 manticores
  16 salamanders
  3 will-o-the-wisps
  19 elephants
  40 black mambas
  9 guardian serpents
  A molten gargoyle (D:13)
  A rust devil (D:9)
  2 orange demons (D:9)
  3 torpor snails
  15 naga magi
  A gargoyle (D:11)
  Maggie (D:6)
  4 smoke demons
  An unseen horror (D:12)
  A rime drake (Lair:3)
  2 freezing wraiths
  7 cane toads
  5 komodo dragons
  13 trolls
  A troll (shapeshifter) (D:8)
  A bloated husk (Swamp:3)
  A merfolk (shapeshifter) (D:13)
  3 tyrant leeches
  9 hornets
  15 blink frogs
  6 dream sheep (Lair:4)
  19 slime creatures
  A large abomination (Abyss:2)
  A ynoxinul (D:9)
  2 culicivoras (shapeshifter) (D:13)
  6 spriggans (Swamp:1)
  Sigmund (D:4)
  6 flying skulls (Gauntlet)
  5 wyverns
  2 shadows
  9 wraiths
  A vampire (D:10)
  49 yaks
  A hog (D:12)
  2 water elementals (D:13)
  3 fire bats (Swamp:4)
  4 basilisks
  3 chaos spawn
  A neqoxec (Gauntlet)
  8 vampire mosquitoes
  6 steam dragons
  A fire elemental (Orc:2)
  37 nagas
  13 swamp worms
  5 wargs
  3 acid dragons
  14 water moccasins
  12 swamp drakes
  A black bear (D:6)
  3 ice beasts
  A sky beast (D:8)
  27 orc warriors
  25 ogres
  A boggart (Gauntlet)
  34 wolves
  9 starcursed masses (Abyss:2)
  8 centaurs
  2 kobold brigands
  A necrophage (Swamp:1)
  2 gnoll sergeants
  10 bullfrogs
  3 scorpions
  15 wights
  5 killer bees (D:10)
  A small abomination (Abyss:2)
  2 howler monkeys
  7 electric eels
  4 crimson imps (Gauntlet)
  4 lava snakes (D:13)
  3 hounds
  3 quasits (D:9)
  2 jellies
  18 orc priests
  Crazy Yiuf (D:4)
  3 gnoll boudas (D:8)
  4 hell rats (Lair:5)
  6 iguanas
  28 orc wizards
  3 sleepcaps
  A killer bee simulacrum (D:9)
  15 gnolls
  13 adders
  2 shadow imps
  A white imp (D:4)
  2 ufetubi (D:5)
  4 worms
  4 dart slugs
  66 orcs
  15 bats
  8 endoplasms
  6 giant cockroaches
  18 goblins
  11 hobgoblins
  6 jackals
  7 quokkas
  4 ball pythons
  31 kobolds
  4 rats
  A tentacle (Swamp:2)
1106 creatures vanquished.

Vanquished Creatures (collateral kills)
  A boulder beetle (D:9)
  A death yak (Lair:5)
  2 blink frogs
  A spriggan (Swamp:2)
  A yak (Lair:5)
  A water moccasin (Lair:4)
  A wolf (Lair:1)
  A bullfrog (Lair:4)
  A wight (D:9)
  A hell rat (Lair:5)
  An orc (D:9)
12 creatures vanquished.

Vanquished Creatures (others)
  4 humans (D:12)
  A swamp drake (Swamp:4)
  An orc (D:12)
  4 foxfires
  11 tentacles (Swamp:2)
21 creatures vanquished.

Grand Total: 1139 creatures vanquished

Notes
Turn   | Place    | Note
-------+----------+-------------------------------------------
     0 | D:1      | zero the Gargoyle Earth Elementalist began the quest for
                  | the Orb.
     0 | D:1      | Reached XP level 1. HP: 10/10 MP: 3/3
    55 | D:1      | Reached skill level 1 in Fighting
   175 | D:1      | Reached XP level 2. HP: 17/17 MP: 5/5
   418 | D:1      | Reached skill level 4 in Earth Magic
   604 | D:1      | Reached skill level 1 in Conjurations
   604 | D:1      | Reached XP level 3. HP: 21/21 MP: 6/6
   608 | D:1      | Learned a level 3 spell: Stone Arrow
  1129 | D:1      | Found a faded altar of an unknown god.
  1299 | D:2      | Found a shimmering altar of Xom.
  1419 | D:2      | Reached XP level 4. HP: 26/26 MP: 7/7
  1938 | D:3      | Reached skill level 5 in Earth Magic
  1938 | D:3      | Reached XP level 5. HP: 30/30 MP: 8/8
  2442 | D:3      | Reached skill level 1 in Armour
  2452 | D:3      | Reached skill level 6 in Earth Magic
  2455 | D:3      | Reached XP level 6. HP: 14/35 MP: 4/9
  3617 | D:4      | Reached XP level 7. HP: 38/40 MP: 12/12
  3722 | D:4      | Noticed Sigmund
  3782 | D:4      | Reached skill level 1 in Evocations
  4240 | D:4      | Found a runed translucent door.
  4241 | D:4      | Noticed Crazy Yiuf
  4347 | D:4      | Killed Crazy Yiuf
  4403 | D:5      | Entered Level 5 of the Dungeon
  4591 | D:5      | Reached skill level 5 in Spellcasting
  4641 | D:5      | Found a shimmering altar of Xom.
  4660 | D:5      | Reached skill level 5 in Conjurations
  4766 | D:5      | Reached XP level 8. HP: 44/44 MP: 15/15
  5759 | D:6      | Learned a level 2 spell: Call Imp
  5938 | D:6      | You fall into a shaft and drop 1 floor!
  6200 | D:7      | Found a staircase to the Ecumenical Temple.
  6210 | Temple   | Entered the Ecumenical Temple
  6233 | Temple   | Became a worshipper of Gozag Ym Sagoz the Greedy
  6582 | D:7      | Reached skill level 1 in Summonings
  6582 | D:7      | Reached XP level 9. HP: 51/51 MP: 17/17
  6935 | D:6      | Noticed Maggie
  6945 | D:6      | Killed Maggie
  7295 | D:6      | Reached skill level 7 in Earth Magic
  7658 | D:8      | Noticed a manticore
  7837 | D:8      | Found a flagged portal.
  7855 | Bailey   | Entered a bailey
  8938 | D:8      | Noticed a two-headed ogre
  8941 | D:8      | Killed a two-headed ogre
  8942 | D:8      | Reached skill level 5 in Stealth
  8942 | D:8      | Reached XP level 10. HP: 58/58 MP: 17/19
  8965 | D:8      | Identified the +8 mace "Irhuicut" {flame, rN+ Dex+3}
  9479 | D:8      | Noticed a two-headed ogre
  9483 | D:8      | Killed a two-headed ogre
  9484 | D:8      | Reached skill level 5 in Fighting
  9646 | D:8      | Reached skill level 8 in Earth Magic
  9825 | D:8      | Reached skill level 5 in Armour
 10449 | D:8      | Found a stormy altar of Qazlal.
 10474 | D:8      | Found an iron altar of Okawaru.
 10719 | D:8      | Killed a manticore
 10720 | D:8      | Reached XP level 11. HP: 64/64 MP: 20/21
 10948 | D:9      | Noticed a cyclops
 11058 | D:9      | Killed a cyclops
 11235 | D:9      | Noticed a two-headed ogre
 11242 | D:9      | Killed a two-headed ogre
 11316 | D:9      | Noticed a boulder beetle
 11356 | D:9      | Killed a boulder beetle
 11924 | D:9      | Noticed a sixfirhy
 11934 | D:9      | Killed a sixfirhy
 11935 | D:9      | Reached skill level 5 in Evocations
 12478 | D:9      | Found Vumiff's Hydra Hut.
 12481 | D:9      | Noticed a four-headed hydra
 12519 | D:9      | Reached skill level 9 in Earth Magic
 12573 | D:9      | Reached skill level 5 in Dodging
 13343 | D:10     | Entered Level 10 of the Dungeon
 13835 | D:10     | Found a staircase to the Lair.
 13852 | D:10     | Noticed a two-headed ogre
 13857 | D:10     | Killed a two-headed ogre
 13858 | D:10     | Reached XP level 12. HP: 65/71 MP: 17/23
 13954 | D:10     | Reached skill level 5 in Summonings
 14674 | Lair:1   | Entered Level 1 of the Lair of Beasts
 14718 | Lair:1   | Found a dark tunnel.
 14733 | Volcano  | Entered a volcano
 14793 | Volcano  | Noticed a sun demon
 14805 | Volcano  | Killed a sun demon
 15000 | Volcano  | Noticed a sun demon
 15005 | Volcano  | Noticed a sun demon
 15014 | Volcano  | Killed a sun demon
 15019 | Volcano  | Killed a sun demon
 15168 | Volcano  | Noticed a sun demon
 15175 | Volcano  | Killed a sun demon
 15192 | Volcano  | Noticed a sun demon
 15201 | Volcano  | Killed a sun demon
 15202 | Volcano  | Reached skill level 10 in Earth Magic
 15385 | Volcano  | Noticed a fire dragon
 15392 | Volcano  | Killed a fire dragon
 15619 | Lair:1   | Noticed a boulder beetle
 16120 | Lair:1   | Killed a boulder beetle
 16316 | Lair:1   | Noticed Urug
 16326 | Lair:1   | Killed Urug
 16449 | Lair:1   | Reached XP level 13. HP: 78/78 MP: 25/25
 16907 | Lair:1   | Learned a level 5 spell: Freezing Cloud
 16913 | Lair:1   | Learned a level 5 spell: Arcjolt
 17153 | Lair:2   | Reached skill level 1 in Ice Magic
 17401 | Lair:2   | Reached skill level 1 in Air Magic
 17642 | Lair:2   | Reached skill level 11 in Earth Magic
 18375 | Lair:2   | Reached skill level 10 in Conjurations
 18729 | Lair:2   | Reached skill level 5 in Ice Magic
 18729 | Lair:2   | Gained mutation: Your large and strong wings let you fly.
                  | [Gargoyle growth]
 18729 | Lair:2   | Reached XP level 14. HP: 84/84 MP: 27/27
 19115 | Lair:3   | Reached skill level 5 in Air Magic
 19340 | Lair:3   | Noticed Josephine
 19346 | Lair:2   | Reached skill level 1 in Short Blades
 19621 | Lair:3   | Killed Josephine
 20086 | Lair:3   | Found a staircase to the Snake Pit.
 21038 | Lair:3   | Found a staircase to the Swamp.
 21038 | Lair:3   | Noticed an eleionoma
 21268 | Lair:3   | Killed an eleionoma
 22090 | Lair:4   | You are sucked into a shaft and drop 1 floor!
 22090 | Lair:5   | Entered Level 5 of the Lair of Beasts
 22615 | Lair:4   | Reached XP level 15. HP: 88/88 MP: 1/28
 23109 | Lair:4   | Identified the +1 ring mail of Freedom {Harm}
 24011 | Lair:4   | Found a viscous altar of Jiyva.
 24011 | Lair:4   | Found a staircase to the Slime Pits.
 24256 | Lair:5   | Identified a scroll of acquirement
 24256 | Lair:5   | Acquired the +1 cloak of Senizimios {Rampage Regen+}
 24422 | Lair:5   | Reached skill level 12 in Earth Magic
 25910 | Lair:5   | Identified the +0 robe of Absence {rC+ Dex+3}
 26299 | D:4      | Killed Sigmund
 26571 | D:11     | Noticed Snorg
 26579 | D:11     | Killed Snorg
 27186 | D:11     | Reached skill level 10 in Spellcasting
 27554 | D:11     | Noticed Fannar
 27563 | D:11     | Killed Fannar
 29343 | D:12     | Noticed Kirke
 29358 | D:12     | Killed Kirke
 30503 | D:12     | Found a staircase to the Orcish Mines.
 31031 | Orc:1    | Entered Level 1 of the Orcish Mines
 32533 | D:13     | Found a gate to the Vaults.
 33007 | D:14     | Reached skill level 1 in Shields
 33495 | D:14     | Reached XP level 16. HP: 94/94 MP: 30/30
 34635 | D:14     | Reached skill level 5 in Short Blades
 36494 | D:15     | Entered Level 15 of the Dungeon
 36602 | D:15     | Found a gate leading to a gauntlet.
 36607 | Gauntlet | Entered a Gauntlet
 36607 | Gauntlet | Found a transporter.
 36607 | Gauntlet | Found a transporter.
 36633 | Gauntlet | Found a transporter.
 36636 | Gauntlet | Found a transporter.
 36646 | Gauntlet | Found a transporter.
 36714 | Gauntlet | Found a transporter.
 36730 | Gauntlet | Found a transporter.
 36739 | Gauntlet | Found a transporter.
 36749 | Gauntlet | Found a transporter.
 36764 | Gauntlet | Found a transporter.
 36770 | Gauntlet | Found a transporter.
 36791 | Gauntlet | Found a transporter.
 37590 | D:15     | Paralysed by something for 2 turns
 37823 | D:15     | Paralysed by something for 4 turns
 38687 | D:15     | Found a staircase to the Depths.
 40204 | Orc:2    | Entered Level 2 of the Orcish Mines
 41174 | Orc:2    | Found a staircase to the Elven Halls.
 41195 | Orc:2    | Found a bloodstained altar of Trog.
 41230 | Orc:2    | Noticed Nergalle
 41616 | Orc:2    | Killed Nergalle
 41864 | Orc:2    | Found Wiqiyh Bura's Antique Armour Boutique.
 41878 | Orc:2    | Found Xoquatz's Antique Weapon Boutique.
 42197 | Orc:2    | Reached XP level 17. HP: 101/101 MP: 19/32
 42617 | Orc:2    | Found Xoro's General Store.
 42645 | Orc:2    | Found Zene's Jewellery Boutique.
 43463 | Orc:1    | Noticed Erolcha
 43475 | Orc:1    | Killed Erolcha
 43476 | Orc:1    | Reached skill level 5 in Shields
 43817 | Orc:2    | Bought a scroll of teleportation for 36 gold pieces
 43817 | Orc:2    | Bought a potion of invisibility for 96 gold pieces
 43817 | Orc:2    | Bought a potion of might for 48 gold pieces
 43817 | Orc:2    | Bought a potion of might for 48 gold pieces
 43817 | Orc:2    | Bought a potion of ambrosia for 96 gold pieces
 43826 | Orc:2    | Learned a level 8 spell: Ignition
 44053 | Swamp:1  | Entered Level 1 of the Swamp
 44187 | Swamp:1  | Reached skill level 10 in Fighting
 44188 | Swamp:1  | Reached skill level 1 in Fire Magic
 45063 | Swamp:1  | Reached skill level 10 in Armour
 45460 | Swamp:1  | Noticed Donald
 45468 | Swamp:1  | Killed Donald
 46276 | Swamp:1  | Bought a book of the Moon for 720 gold pieces
 46279 | Swamp:1  | Bought a buzzing hat for 288 gold pieces
 46279 | Swamp:1  | Identified the +0 hat of the Rose {Will+ Dex+4} (You bought
                  | it in a shop on level 1 of the Swamp)
 46284 | Swamp:1  | Bought the ring "Heyfoemm" {Str+2 Int+6} for 802 gold
                  | pieces
 46287 | Swamp:1  | Bought a shiny buckler for 240 gold pieces
 46307 | Swamp:1  | Learned a level 8 spell: Lehudib's Crystal Spear
 46613 | Orc:2    | Bought a crystal hand axe for 264 gold pieces
 46613 | Orc:2    | Identified the +8 hand axe of the Coin {heavy, rPois Str+6
                  | Stlth+} (You bought it in a shop on level 2 of the Orcish
                  | Mines)
 46630 | Orc:2    | Bought an amulet of magic regeneration for 390 gold pieces
 46903 | Swamp:2  | Noticed a tentacled monstrosity
 47135 | Swamp:2  | Reached skill level 5 in Fire Magic
 47235 | Swamp:2  | Noticed a kraken
 47247 | Swamp:2  | Killed a kraken
 47290 | Swamp:2  | Killed a tentacled monstrosity
 49189 | Swamp:3  | Paralysed by a fenstrider witch for 4 turns
 49459 | Swamp:3  | Acquired 969 gold pieces
 49487 | Swamp:4  | Entered Level 4 of the Swamp
 49547 | Swamp:4  | Reached XP level 18. HP: 108/108 MP: 7/34
 49800 | Swamp:4  | Got a decaying rune of Zot
 49990 | Swamp:4  | Reached skill level 10 in Fire Magic
 51129 | Snake:1  | Entered Level 1 of the Snake Pit
 51129 | Snake:1  | Found Wievuq's Jewellery Emporium.
 51208 | Snake:1  | Bought a ring of wizardry for 540 gold pieces
 51563 | Orc:2    | Bought a staff of fire for 300 gold pieces
 51742 | Snake:1  | Noticed Mlioglotl
 51760 | Snake:1  | Killed Mlioglotl
 53975 | Snake:2  | Noticed Jorgrun
 53989 | Snake:2  | Killed Jorgrun
 54483 | Snake:2  | Found Suasoja's Firing Range.
 54614 | Snake:3  | Found Heus's Humungous Hoard.
 54626 | Snake:3  | Bought a potion of heal wounds for 65 gold pieces
 54648 | Snake:3  | Identified the staff of Ambiguity {Drain *Slow rPois rF+++
                  | rN+ Necro}
 54816 | Snake:3  | Noticed Vashnia
 54816 | Snake:3  | Found the +5 scythe "Finisher" {speed, execute}
 54939 | Snake:3  | Found Kabup's Book Shop.
 54945 | Snake:3  | Bought a manual of Earth Magic for 1280 gold pieces
 55105 | Snake:3  | Killed Vashnia
 55210 | Snake:3  | Reached skill level 13 in Earth Magic
 55681 | Snake:3  | Identified the +0 leather armour "Ziceror" {Harm}
 55797 | Snake:3  | Found Suduga's Jewellery Shop.
 55797 | Snake:3  | Found Lohura's Book Emporium.
 55798 | Snake:3  | Found Isoarhi's Jewellery Shop.
 55920 | Snake:3  | Bought a +6 ring of intelligence for 576 gold pieces
 55939 | Snake:4  | Entered Level 4 of the Snake Pit
 56068 | Snake:4  | Reached skill level 14 in Earth Magic
 56071 | Snake:4  | Reached XP level 19. HP: 113/113 MP: 11/35
 56614 | Snake:4  | Reached skill level 15 in Earth Magic
 57488 | Snake:4  | Reached skill level 16 in Earth Magic
 58094 | Snake:4  | Reached skill level 17 in Earth Magic
 58304 | Snake:4  | Reached skill level 15 in Fire Magic
 58454 | Snake:4  | Got a serpentine rune of Zot
 58667 | Snake:4  | Reached skill level 18 in Earth Magic
 59175 | Elf:1    | Entered Level 1 of the Elven Halls
 59302 | Elf:1    | Noticed a Tzitzimitl
 59303 | Abyss:2  | Cast into level 2 of the Abyss (a deep elf demonologist)
 59556 | Abyss:2  | Noticed an ancient lich
 59566 | Abyss:2  | Killed from afar by an ancient lich

Illustrated notes

Levels and vault maps discovered:
D:1:      dpeg_arrival_windows_large_door, layout_loops_corners,
          dreamdust_ecumenical_altar_hidden_monk_grotto
D:2:      layout_rooms, basic_altar
D:3:      layout_basic
D:4:      minmay_octagon_keep, layout_basic, kennysheep_cross_room,
          moated_statue, uniq_crazy_yiuf_cottage, uniq_sigmund
D:5:      layout_basic, xom_teletrap_fun, st_stairs_5, roderic_batcave
D:6:      layout_basic, serial_aquarium, aquarium_bridge_square
          [aquarium_subvault_bridge, aquarium_subvault_bridge,
          aquarium_subvault_wall, aquarium_subvault_window],
          aquarium_window_corridor_3, aquarium_window_fake,
          aquarium_window_corner, aquarium_window_corner, aquarium_view_2d,
          aquarium_view_2e, portal_sewer_entry_f, uniq_maggie
D:7:      layout_basic, minmay_temple_entry_wispy
D:8:      minmay_imperfect_grid, layout_loops_ring, mainiacjoe_overflow_swirl,
          enter_bailey_3, kennysheep_path_1
D:9:      minmay_bloctagon_deflated, layout_cave_pools, serial_demonic,
          serial_demonic_a, serial_demonic_c, serial_demonic_f,
          serial_demonic_b, serial_demonic_f, serial_demonic_c,
          serial_demonic_a, serial_demonic_g, corexii_checkpoint_a,
          doesnt_shop_hydraphobe
D:10:     layout_roguey, dpeg_oklobed_lair
D:11:     layout_roguey, grunt_decor_clamped, uniq_fannar, uniq_snorg
D:12:     layout_long_grid, erik_orc_1, uniq_kirke
D:13:     kennysheep_funnel, layout_basic, erik_vaults_1
D:14:     layout_irregular_city, serial_bayou_shore_b
D:15:     hangedman_depths_entry_try_elsewhere_first, layout_loops_ring,
          gauntlet_entry_generic
Temple:   nicolae_temple_bog_church
Lair:1:   wander_river, layout_gridlike, nicolae_volcano_entry_vermiform,
          pdpol_lair_cavern_descent, uniq_urug
Lair:2:   layout_regular_city
Lair:3:   layout_gridlike, alex1729_swamp_entry_worm_eleionoma,
          guppyfry_snake_entry_island, uniq_josephine
Lair:4:   layout_roguey, dpeg_slime_entry_enclosed, ldierk_geyser,
          serial_bayou_pond_c, serial_bayou_shore_a
Lair:5:   evilmike_catoblepas_cave, layout_regular_city,
          infiniplex_staircase_pool, lemuel_fruit_tree
Swamp:1:  nicolae_swamp_ascending_descending, layout_falls_marsh,
          evilmike_swamp_ruin_house_1, swamp_pool3, uniq_donald
Swamp:2:  layout_basic_swamp, hangedman_swamp_ruin_wall,
          nicolae_swamp_thats_no_hydra
Swamp:3:  layout_basic_swamp, nicolae_swamp_feature_on_the_river_bank
Swamp:4:  swamp_fiery, layout_basic_swamp
Snake:1:  layout_gridlike, serial_shops, shop, grunt_megastairs_1,
          uniq_mlioglotl
Snake:2:  layout_grid_shapes, nicolae_shop_firing_range, uniq_jorgrun
Snake:3:  layout_misc_corridors, serial_shops, nicolae_book_shop_shelving,
          nicolae_alphabet_shops, serial_bayou_shore_b, grunt_megastairs_2,
          minmay_shop_grove, uniq_vashnia
Snake:4:  grunt_snake_rune_pools, layout_misc_corridors,
          nrook_guardian_serpent_double, grunt_megastairs_5,
          serial_bayou_shore_b
Orc:1:    lemuel_ogre_cave, layout_diamond_mine
Orc:2:    grunt_orc_cross, layout_caves, basic_altar, mines4_lemuel
Elf:1:    elf_arrival_002, layout_geoelf_diagonals, orc_legates, uniq_azrael
Abyss:2:  base: Snake:4, hangedman_abyss_or_decor_clamps, minivault_25,
          guppyfry_abyss_exit_imp_island, bh_abyss_exit_grid, bh_abyss_exit_grid

Skill      XL: |  1  2  3  4  5  6  7  8  9 10 11 12 13 14 15 16 17 18 19 |
---------------+----------------------------------------------------------+-----
Fighting       | 1 2 3 4 5 6 7 8 9 10 | 10.4
Earth Magic    | 4 5 6 7 8 9 10 11 12 14 18 | 18.5
Conjurations   | 1 2 3 4 5 6 7 8 9 10 11 13 14 | 14.0
Armour         | 1 2 4 5 6 7 8 9 10 | 10.1
Spellcasting   | 3 5 6 7 8 9 10 11 12 | 12.3
Evocations     | 1 2 3 4 5 |  5.0
Dodging        | 2 3 4 5 6 7 |  7.0
Stealth        | 3 5 |  5.0
Summonings     | 1 2 3 4 6 |  6.0
Ice Magic      | 5 7 8 |  8.0
Air Magic      | 4 6 8 |  8.0
Short Blades   | 2 4 5 |  5.0
Shields        | 1 4 5 |  5.0
Fire Magic     | 9 14 15 | 15.4
Transmutations | |  0.7

Action                     |  1- 3 |  4- 6 |  7- 9 | 10-12 | 13-15 | 16-18 | 19-21 || total
---------------------------+-------+-------+-------+-------+-------+-------+-------++-------
  Melee: Dagger            |    11 |       |       |       |       |       |       ||    11
         Hand axe          |     1 |     4 |       |       |       |       |       ||     5
         Whip              |       |    12 |       |       |       |       |       ||    12
         Trident           |       |       |    44 |     1 |       |       |       ||    45
         Mace              |       |       |       |    43 |       |       |       ||    43
         Quick blade       |       |       |       |    15 |   292 |   157 |    72 ||   536
         Punch             |       |       |       |     3 |     7 |       |       ||    10
         Staff             |       |       |       |       |    11 |    22 |     3 ||    36
  Throw: Dart              |       |       |       |       |       |     1 |       ||     1
   Cast: Sandblast         |    51 |    90 |   179 |   143 |   102 |    20 |     7 ||   592
         Stone Arrow       |       |     3 |    34 |   226 |   385 |   722 |   163 ||  1533
         Call Imp          |       |       |       |    28 |    48 |     8 |       ||    84
         Freezing Cloud    |       |       |       |       |    77 |   171 |    50 ||   298
         Arcjolt           |       |       |       |       |    17 |    89 |    13 ||   119
         Ignition          |       |       |       |       |       |       |     6 ||     6
         Lehudib's Crystal |       |       |       |       |       |       |     3 ||     3
 Invoke: Call Merchant     |       |       |       |       |       |     4 |       ||     4
         Potion Petition   |       |       |       |       |       |     1 |       ||     1
  Evoke: Phantom mirror    |       |       |       |     1 |       |     1 |       ||     2
         Phial of floods   |       |       |       |       |     1 |     1 |       ||     2
         Wand              |       |       |       |       |       |     2 |     1 ||     3
         Tin of tremorston |       |       |       |       |       |     2 |       ||     2
    Use: Potion            |       |     1 |       |       |     1 |       |     2 ||     4
         Scroll            |       |       |     3 |    21 |    10 |     3 |     1 ||    38
   Stab: Sleeping          |     1 |     1 |     5 |       |       |     1 |       ||     8
         Distracted        |       |       |       |       |     2 |       |       ||     2
 Armour: Robe              |     9 |    28 |    44 |       |   138 |   327 |   105 ||   651
         Steam dragon scal |       |       |    26 |   159 |   203 |       |       ||   388
  Dodge: Dodged            |    20 |    59 |    95 |   207 |   379 |   325 |    85 ||  1170
  Block: Other             |     5 |       |       |       |       |       |       ||     5
         Buckler           |       |       |       |       |     1 |   118 |    50 ||   169
         Kite shield       |       |       |       |       |       |    95 |       ||    95

Table legend: (Time is in decaauts)
 A = Elapsed time spent in this place.
 B = Non-inter-level travel time spent in this place.
 C = Inter-level travel time spent in this place.
 D = Time resting spent in this place.
 E = Time spent auto-exploring this place.
 F = Levels seen in this place.
 G = Mean time per level.
                   A        B        C        D        E       F      G
               +--------+--------+--------+--------+--------+-----+--------+
         Total |  60003 |  56001 |   4002 |  23554 |  24204 |  36 | 1666.8 |
       Dungeon |  25445 |  23490 |   1955 |   8361 |  12256 |  15 | 1696.3 |
        Temple |     44 |      4 |     40 |      0 |      0 |   1 |   44.0 |
          Lair |  13301 |  12260 |   1041 |   5370 |   5028 |   5 | 2660.2 |
         Swamp |   5921 |   5703 |    218 |   3021 |   1900 |   4 | 1480.2 |
     Snake Pit |   7421 |   7109 |    312 |   3290 |   2539 |   4 | 1855.2 |
  Orcish Mines |   4981 |   4548 |    433 |   2401 |   1673 |   2 | 2490.5 |
   Elven Halls |     17 |     17 |      0 |      0 |      0 |   1 |   17.0 |
         Abyss |    243 |    243 |      0 |     33 |      0 |   1 |  243.0 |
        Bailey |    930 |    930 |      0 |    294 |    368 |   1 |  930.0 |
       Volcano |    786 |    786 |      0 |    488 |     69 |   1 |  786.0 |
      Gauntlet |    908 |    908 |      0 |    296 |    370 |   1 |  908.0 |
               +--------+--------+--------+--------+--------+-----+--------+

Top non-repeatable levels by time:
  Lair:3: 3687 daAuts
     D:8: 3126 daAuts
    D:12: 3121 daAuts
 Snake:4: 2780 daAuts
  Lair:5: 2730 daAuts
  Lair:2: 2561 daAuts
   Orc:1: 2539 daAuts
  Lair:4: 2454 daAuts
   Orc:2: 2442 daAuts
    D:14: 2437 daAuts
     D:9: 2257 daAuts
    D:11: 2040 daAuts
    D:13: 1916 daAuts
  Lair:1: 1868 daAuts
 Snake:1: 1834 daAuts
